 Dungeon Crawl Stone Soup version 0.20.1-4-g4af34eaf8e (webtiles) character file.

9379 Alfie the Archer (level 11, -4/101 HPs)
             Began as a Minotaur Hunter on Feb 27, 2020.
             Shot with an arrow by a centaur (12 damage)
             ... on level 11 of the Dungeon.
             The game lasted 00:39:32 (9495 turns).

Alfie the Archer (Minotaur Hunter)                  Turns: 9495, Time: 00:39:32

Health: -4/101     AC:  9    Str: 20    XL:     11   Next: 22%
Magic:  0/10       EV: 14    Int:  8    God:
Gold:   502        SH:  0    Dex: 11    Spells: 10/10 levels left

rFire    + . .     SeeInvis .   a - +2 shortbow
rCold    . . .     Gourm    .   (shield currently unavailable)
rNeg     . . .     Faith    .   c - +3 leather armour
rPois    .         Spirit   +   (helmet restricted)
rElec    .         Reflect  .   (no cloak)
rCorr    .         Harm     .   (no gloves)
MR       .....                  i - +2 pair of boots
Stlth    ++........             o - amulet of guardian spirit
Regen    0.3/turn               j - ring of protection from fire
MPRegen  0.2/turn               (no ring)

@: about to teleport
A: retaliatory headbutt, horns 2
a: no special abilities


You were on level 11 of the Dungeon.
You were not hungry.

You visited 1 branch of the dungeon, and saw 11 of its levels.
You also visited: Sewer.

You collected 602 gold pieces.
You spent 100 gold pieces at shops.

Inventory:

Hand Weapons
 a - a +2 shortbow (weapon)
 b - a +0 short sword
 y - a +2 short sword of freezing
Missiles
 d - 59 arrows (quivered)
 q - 8 tomahawks
Armour
 c - a +3 leather armour (worn)
 i - a +2 pair of boots (worn)
 E - the +1 pair of boots of Greed {Int+5, unknown}
   (You found it on level 10 of the Dungeon)

   It affects your intelligence (+5).
Jewellery
 j - a ring of protection from fire (left hand)
 o - an amulet of guardian spirit (around neck)
 p - an uncursed ring of protection from cold
 v - an uncursed ring of resist corrosion {unknown}
Wands
 k - a wand of digging (12/24)
 u - a wand of flame (26/48)
 A - a wand of random effects (32/48)
 H - a wand of lightning (5/15)
 I - a wand of paralysis (15/24)
Scrolls
 g - 3 scrolls of amnesia
 h - a scroll of teleportation
 t - a scroll of blinking
 z - a scroll of recharging {unknown}
 D - 2 scrolls of enchant weapon
 G - 3 scrolls of identify
Potions
 e - a potion of invisibility
 l - 4 potions of flight
 s - a potion of brilliance
 w - a potion of mutation {unknown}
 x - a potion of cancellation {unknown}
 B - 2 potions of agility {unknown}
 C - a potion of might
 F - 2 potions of heal wounds {unknown}
 J - a potion of degeneration {unknown}
Comestibles
 f - 6 bread rations
 m - 12 fruits
 r - a royal jelly


   Skills:
 + Level 10.7 Fighting
 + Level 3.7 Short Blades
 + Level 14.3 Bows
 + Level 5.0 Armour
 + Level 5.1 Dodging
 + Level 2.8 Stealth


You had 10 spell levels left.
You didn't know any spells.

Dungeon Overview and Level Annotations

Branches:
Dungeon (11/15)            Temple (0/1) D:5
   Lair: D:8-11         Orc: D:9-12

Altars:
Cheibriados
Dithmenos
Elyvilon
Fedhas
Hepliaklqana
Makhleb
Nemelex Xobeh
Okawaru
Qazlal
Trog
Vehumet
Yredelemnul
Zin

Shops:
D:4 %

Annotations:
D:3 Alfie's ghost, amateur MiHu


Innate Abilities, Weirdness & Mutations

You reflexively headbutt those who attack you in melee.
You have a pair of horns on your head.


Message History

You shoot an arrow. The arrow hits the centaur!
The centaur is moderately wounded.
The centaur shoots an arrow.
The arrow hits you.
* * * LOW HITPOINT WARNING * * *
Firing (i - inventory. (,) - cycle):
d - 60 arrows (quivered)
Press: ? - help, Shift-Dir - straight line, f/p - centaur
Aim: a centaur, wielding a shortbow (moderately wounded)
You shoot an arrow. The centaur shouts!
The arrow hits the centaur.
The centaur is severely wounded.
The centaur shoots an arrow.
The arrow hits you.
* * * LOW HITPOINT WARNING * * *
The centaur shoots an arrow.
The arrow barely misses you.
You feel better.
The centaur shoots an arrow.
The arrow hits you.
* * * LOW HITPOINT WARNING * * *
As you read the scroll of teleportation, it crumbles to dust.
You feel strangely unstable.
The centaur wields a shortbow.
The centaur shoots an arrow.
The arrow hits you!
You die...

###.# #....(.#.....
....############'###..#
..(............)(.....#
..(............c.c....########
................c.............
.....÷......)..#..............
..............................
..####..÷)......÷.............
..# #..[.......@..)..........
..# #..........(.....#####...
..# #..........(.....# .
..####..................
<...†....................
##########################


You could see 3 centaurs.

Vanquished Creatures
  A two-headed ogre (D:8)
  The ghost of Alfie the Archer, a novice HuHu (D:7)
  The ghost of Alfie the Archer, a novice MiHu (D:5)
  A deep elf mage (D:11)
  Maurice (D:8)
  A gargoyle (D:10)
  A centaur skeleton (D:10)
  A troll (D:10)
  Prince Ribbit (D:7)
  A shadow (D:10)
  A wyvern (D:9)
  6 yaks (D:11)
  A hungry ghost (D:9)
  An acid dragon (D:11)
  Purgy (D:3)
  3 orc warriors
  6 sky beasts
  2 ice beasts
  6 ogres
  6 centaurs
  2 big kobolds
  5 bullfrogs
  2 scorpions
  4 wights (D:11)
  5 howler monkeys
  3 crimson imps
  2 centaur zombies (D:6)
  2 jellies
  A quasit (D:7)
  5 orc priests
  A bullfrog skeleton (D:10)
  4 hounds
  5 iguanas
  11 orc wizards
  11 worker ants
  Robin (D:4)
  A howler monkey zombie (D:8)
  4 gnolls
  14 adders
  A shadow imp (D:11)
  2 oozes
  An adder skeleton (D:9)
  2 worms
  6 leopard geckos
  31 orcs
  3 ball pythons
  9 giant cockroaches
  22 goblins
  13 hobgoblins
  15 jackals
  10 quokkas
  11 bats
  8 frilled lizards
  A jackal skeleton (D:4)
  16 kobolds
  A leopard gecko skeleton (D:11)
  A leopard gecko zombie (D:6)
  A quokka skeleton (D:5)
  A quokka zombie (D:8)
  8 rats
289 creatures vanquished.

Notes
Turn   | Place    | Note
-------+----------+-------------------------------------------
     0 | D:1      | Alfie the Minotaur Hunter began the quest for the Orb.
     0 | D:1      | Reached XP level 1. HP: 18/18 MP: 0/0
   156 | D:1      | Reached XP level 2. HP: 8/25 MP: 1/1
   221 | D:1      | You fall through a shaft!
   238 | D:2      | Reached skill level 5 in Bows
   245 | D:2      | Reached XP level 3. HP: 11/30 MP: 2/2
   920 | D:2      | Reached skill level 1 in Armour
  1093 | D:2      | Reached XP level 4. HP: 37/37 MP: 3/3
  1920 | D:3      | Found a faded altar of an unknown god.
  2174 | D:3      | Noticed Purgy
  2190 | D:3      | Killed Purgy
  2190 | D:3      | Reached skill level 6 in Bows
  2190 | D:3      | Reached skill level 1 in Stealth
  2190 | D:3      | Reached XP level 5. HP: 11/45 MP: 1/4
  2236 | D:3      | Noticed Alfie's ghost (amateur MiHu)
  2375 | D:4      | Found a glowing drain.
  2448 | D:4      | Reached XP level 6. HP: 52/52 MP: 5/5
  2461 | Sewer    | Entered a sewer
  2949 | D:4      | Noticed Robin
  2969 | D:4      | Killed Robin
  2969 | D:4      | Reached skill level 1 in Short Blades
  3012 | D:4      | Found Pybon's Food Emporium.
  3055 | D:4      | Bought a meat ration for 50 gold pieces
  3055 | D:4      | Bought a meat ration for 50 gold pieces
  3296 | D:4      | Reached skill level 7 in Bows
  3576 | D:5      | Entered Level 5 of the Dungeon
  3696 | D:5      | Found a snail-covered altar of Cheibriados.
  3725 | D:5      | Reached XP level 7. HP: 51/59 MP: 6/6
  3850 | D:5      | Found a glowing silver altar of Zin.
  3954 | D:5      | Noticed Alfie's ghost (novice MiHu)
  4008 | D:5      | Killed Alfie's ghost
  4008 | D:5      | Reached skill level 5 in Fighting
  4008 | D:5      | Reached skill level 8 in Bows
  4008 | D:5      | Reached XP level 8. HP: 40/68 MP: 7/7
  4212 | D:5      | Reached skill level 9 in Bows
  4385 | D:5      | Found a staircase to the Ecumenical Temple.
  4621 | D:6      | Reached skill level 10 in Bows
  4796 | D:6      | Reached XP level 9. HP: 45/78 MP: 8/8
  5003 | D:6      | Reached skill level 11 in Bows
  5487 | D:7      | Found a burning altar of Makhleb.
  5487 | D:7      | Found a blossoming altar of Fedhas.
  5489 | D:7      | Noticed Alfie's ghost (novice HuHu)
  5525 | D:7      | Killed Alfie's ghost
  5695 | D:7      | Found a sparkling altar of Nemelex Xobeh.
  5768 | D:7      | Found a basalt altar of Yredelemnul.
  5772 | D:7      | Found a hazy altar of Hepliaklqana.
  5772 | D:7      | Noticed Prince Ribbit
  5777 | D:7      | Killed Prince Ribbit
  5817 | D:7      | Reached skill level 12 in Bows
  6219 | D:8      | Found a white marble altar of Elyvilon.
  6281 | D:8      | Noticed Maurice
  6305 | D:8      | Killed Maurice
  6305 | D:8      | Reached XP level 10. HP: 79/90 MP: 9/9
  6349 | D:8      | Found an iron altar of Okawaru.
  6766 | D:8      | Found a flagged portal.
  7085 | D:9      | Noticed a two-headed ogre
  7125 | D:8      | Killed a two-headed ogre
  7588 | D:9      | Reached skill level 13 in Bows
  7637 | D:9      | Found a shadowy altar of Dithmenos.
  7668 | D:9      | Found a stormy altar of Qazlal.
  7902 | D:10     | Entered Level 10 of the Dungeon
  8064 | D:10     | Got a pair of transparent boots
  8472 | D:10     | Reached skill level 5 in Dodging
  8486 | D:10     | Found a bloodstained altar of Trog.
  8624 | D:10     | Reached skill level 10 in Fighting
  8699 | D:10     | Noticed a gargoyle
  8705 | D:10     | Killed a gargoyle
  8895 | D:11     | Found a radiant altar of Vehumet.
  8956 | D:11     | Reached skill level 14 in Bows
  8956 | D:11     | Reached XP level 11. HP: 96/99 MP: 8/10
  9073 | D:11     | Noticed a deep elf mage
  9080 | D:11     | Killed a deep elf mage
  9359 | D:11     | Reached skill level 5 in Armour
  9495 | D:11     | Shot with an arrow by a centaur

Skill      XL: |  1  2  3  4  5  6  7  8  9 10 11 |
---------------+----------------------------------+-----
Bows           | 5 6 7 8 10 12 14 | 14.3
Armour         | 1 2 3 4 5 |  5.0
Fighting       | 3 4 5 6 8 10 | 10.7
Stealth        | 1 2 |  2.8
Short Blades   | 1 2 3 |  3.7
Dodging        | 3 4 5 |  5.1

Action                   |  1- 3 |  4- 6 |  7- 9 | 10-12 || total
-------------------------+-------+-------+-------+-------++-------
Melee: Short sword       |    25 |    61 |    51 |    31 ||   168
       Headbutt          |     3 |    12 |    11 |     5 ||    31
 Fire: Shortbow          |    68 |   197 |   315 |   407 ||   987
  Use: Scroll            |     4 |     6 |     7 |     5 ||    22
       Potion            |       |       |     9 |     2 ||    11
 Stab: Invisible         |       |       |     1 |       ||     1
  Eat: Royal jelly       |       |     2 |       |     2 ||     4
       Fruit             |       |     1 |       |       ||     1
       Bread ration      |       |     1 |       |     1 ||     2
       Meat ration       |       |       |     2 |       ||     2
Armor: Leather armour    |    21 |    48 |    24 |    47 ||   140
Dodge: Dodged            |    39 |   106 |    84 |    80 ||   309
